Oilers vs RedWings

Created - 15 novembre 2020 at 20:11

Goals
1 2 3 T
Oilers 0 1 2 3
RedWings 0 0 1 1
Shots
1 2 3 T
Oilers 8 11 11 30
RedWings 11 17 7 35

1st period

No Goal

Penalties :
Evander Kane (EDM) for Tripping (Minor) at 7:47, Gustav Lindstrom (DET) for Slashing (Minor) at 14:20, Dennis Gilbert (DET) for Interference (Minor) at 18:55

2nd period

1. Oilers , Jason Zucker 3 (Ryan Johansen 3, Jacob Trouba 6) at 12:11

Penalties :
Justin Braun (EDM) for Holding (Minor) at 4:39, Brent Burns (EDM) for Hooking (Minor) at 6:47, Filip Forsberg (DET) for Holding (Minor) at 15:24, Kyle Brodziak (DET) for Slashing (Minor) at 19:41

3rd period

2. Oilers , Ryan Johansen 3 (Joe Pavelski 6, Jason Zucker 2) at 5:32
3. RedWings , Erik Karlsson 1 (John Carlson 5, David Pastrnak 4) at 9:33 (PP)
4. Oilers , Vladislav Gavrikov 1 (Evander Kane 5, Ryan Getzlaf 9) at 16:02

Penalties :
Jacob Trouba (EDM) for Boarding (Minor) at 9:12, Justin Braun (EDM) for Slashing (Minor) at 13:46, Dennis Gilbert (DET) for Delaying the game (Minor) at 17:03

Goalie Stats

Robin Lehner (EDM), 34 saves from 35 shots - (0,971), W, 4-2-0, 60:00 minutes
John Gibson (DET), 27 saves from 30 shots - (0,900), L, 2-5-1, 60:00 minutes

Players Stats for Oilers

Player Name              G  A  P  +/- PIM S  H  SB GA TA FO     MP     PP MP  PK MP  
------------------------------------------------------------------------------------
Adam Lowry               0  0  0   0  0   0  0  1  0  0  3/7     8:12   0:00   2:39 
Barclay Goodrow          0  0  0   0  0   2  5  0  0  0  0/0    11:47   0:00   2:52 
Brent Burns              0  0  0   0  2   4  2  2  0  0  0/0    24:16   6:21   2:39 
Dylan DeMelo             0  0  0   2  0   0  3  1  0  0  0/0    18:17   0:00   5:03 
Evander Kane             0  1  1   1  2   2  2  0  0  0  1/2    19:21   4:20   0:00 
Gustav Nyquist           0  0  0   1  0   1  0  0  0  0  0/0    15:02   0:00   0:00 
Jacob Trouba             0  1  1   1  2   2  7  1  0  0  0/0    24:19   6:21   3:56 
Jason Zucker             1  1  2   2  0   4  1  1  0  0  0/3    16:54   4:20   0:16 
Jean-Gabriel Pageau      0  0  0   0  0   1  0  0  0  0  14/25  14:19   0:00   5:24 
Joe Pavelski             0  1  1   2  0   3  2  0  0  0  1/3    18:04   5:35   0:11 
Justin Braun             0  0  0   0  4   0  2  0  0  0  0/0    15:04   0:00   0:35 
Nick Cousins             0  0  0   0  0   1  0  1  0  0  0/2    10:45   0:00   5:12 
Pavel Buchnevich         0  0  0   0  0   2  0  0  0  0  0/0     5:33   0:00   0:00 
Ryan Getzlaf             0  1  1   1  0   3  0  0  0  0  14/28  19:22   4:20   0:00 
Ryan Johansen            1  1  2   2  0   3  0  0  0  0  14/21  17:53   5:35   0:00 
Travis Hamonic           0  0  0   1  0   0  0  0  0  0  0/0    20:48   3:34   3:57 
Vladislav Gavrikov       1  0  1   2  0   1  0  1  0  0  0/0    17:12   3:34   0:24 
Yanni Gourde             0  0  0   0  0   1  0  0  0  0  0/1    14:30   5:35   0:00 

Players Stats for RedWings

Player Name              G  A  P  +/- PIM S  H  SB GA TA FO     MP     PP MP  PK MP  
------------------------------------------------------------------------------------
Andrew Cogliano          0  0  0  -2  0   3  1  0  0  0  0/0    14:15   3:34   2:48 
Brayden Schenn           0  0  0  -1  0   6  4  0  0  0  13/28  18:25   4:43   1:51 
Brett Howden             0  0  0   0  0   1  0  0  0  0  0/0    12:46   0:00   7:04 
David Pastrnak           0  1  1   0  0   5  1  0  0  0  1/3    21:05   4:43   0:00 
Dennis Gilbert           0  0  0  -2  4   0  1  0  0  0  0/0    15:09   0:00   2:15 
Erik Haula               0  0  0  -1  0   2  0  1  0  0  5/9    15:25   3:34   0:00 
Erik Karlsson            1  0  1  -1  0   1  0  3  0  0  0/0    26:04   4:56   5:57 
Filip Forsberg           0  0  0   0  2   2  0  0  0  0  0/0    21:07   4:43   0:03 
Frans Nielsen            0  0  0   0  0   2  0  0  0  0  3/9     8:38   0:00   2:56 
Gustav Lindstrom         0  0  0  -1  2   0  2  1  0  0  0/0    14:14   0:00   1:13 
Jake Gardiner            0  0  0   0  0   2  0  0  0  0  0/0    22:20   3:21   5:18 
John Carlson             0  1  1   0  0   2  1  2  0  0  0/0    25:45   4:56   4:59 
Jordan Szwarz            0  0  0   0  0   0  0  0  0  0  0/0     5:42   0:00   0:00 
Kyle Brodziak            0  0  0  -2  2   1  0  0  0  0  8/22   13:08   0:00   5:16 
Nick Jensen              0  0  0  -2  0   1  0  2  0  0  0/0    16:17   3:21   0:00 
Patric Hornqvist         0  0  0  -1  0   4  1  0  0  0  2/2    15:25   3:34   0:00 
Ryan Hartman             0  0  0  -2  0   0  0  1  0  0  1/1     7:53   0:00   0:00 
Sean Monahan             0  0  0   0  0   3  0  0  0  0  12/18  16:22   0:00   0:00 

3 Stars

1 - Robin Lehner (EDM)
2 - Jason Zucker (EDM)
3 - Ryan Johansen (EDM)

Power Play

Oilers - 0 on 5 Attempt(s) - 0,00%
RedWings - 1 on 5 Attempt(s) - 20,00%

Penalty Kill

Oilers - 4 on 5 Attempt(s) - 80,00% - Score 0 goal in Penalty Kill
RedWings - 5 on 5 Attempt(s) - 100,00% - Score 0 goal in Penalty Kill

Team Stat

Oilers - Hits : 24 - Faceoff Wins : 47 - Blocked Shots : 8 - Penalty Minutes : 10
RedWings - Hits : 11 - Faceoff Wins : 45 - Blocked Shots : 10 - Penalty Minutes : 10

Official

Referees : Graham Skilliter and Jake Brenk
Linesman : Tony Sericolo and Kory Nagy

Game Notes

No Game Note

Finance

Level 1 -- Attendance: 6100 (93,85%) -- Ticket Income 683 200 $
Level 2 -- Attendance: 4985 (99,70%) -- Ticket Income 408 770 $
Level 3 -- Attendance: 3016 (86,17%) -- Ticket Income 211 120 $
Level 4 -- Attendance: 3007 (74,67%) -- Ticket Income 120 280 $
Luxury Box -- Attendance: 925 (92,50%) -- Ticket Income 208 125 $
Game was played at the Joe Louis Arena.
Total Attendance: 18033 (90,04%)
Total Ticket Income: 1 631 495 $
Other Income: 799 433 $
Total Income: 2 430 928 $

% Time on Ice - Oilers

Lines # - Real PCT - Wanted PCT - Time Play
Normal Forward
1 - 36% - 35% - 15:02
2 - 29% - 33% - 12:18
3 - 21% - 24% - 8:55
4 - 13% - 8% - 5:33
Normal Defense
1 - 32% - 35% - 13:17
2 - 35% - 35% - 14:31
3 - 32% - 25% - 13:14
4 - 2% - 5% - 0:46
PP Forward
1 - 56% - 50% - 5:35
2 - 44% - 50% - 4:20
PP Defense
1 - 64% - 70% - 6:21
2 - 36% - 30% - 3:34
PK Forward
1 - 68% - 60% - 5:38
2 - 32% - 40% - 2:39
PK Defense
1 - 53% - 60% - 4:21
2 - 47% - 40% - 3:56
PK3 Forward
1 - 0% - 60%
2 - 0% - 40%
PK3 Defense
1 - 0% - 60%
2 - 0% - 40%
44 Forward
1 - 0% - 60%
2 - 0% - 40%
44 Defense
1 - 0% - 60%
2 - 0% - 40%
Last Minute Offensive  - 0:00
Last Minute Defensive  - 0:00
Total
Forward - 60:00
Defense - 60:00

% Time on Ice - RedWings

Lines # - Real PCT - Wanted PCT - Time Play
Normal Forward
1 - 39% - 40% - 16:22
2 - 28% - 30% - 11:51
3 - 19% - 20% - 7:53
4 - 14% - 10% - 5:42
Normal Defense
1 - 33% - 40% - 13:41
2 - 31% - 30% - 13:02
3 - 31% - 20% - 12:56
4 - 5% - 10% - 2:09
PP Forward
1 - 57% - 60% - 4:43
2 - 43% - 40% - 3:34
PP Defense
1 - 60% - 60% - 4:56
2 - 40% - 40% - 3:21
PK Forward
1 - 72% - 60% - 7:07
2 - 28% - 40% - 2:48
PK Defense
1 - 51% - 60% - 5:02
2 - 49% - 40% - 4:53
PK3 Forward
1 - 0% - 60%
2 - 0% - 40%
PK3 Defense
1 - 0% - 60%
2 - 0% - 40%
44 Forward
1 - 0% - 60%
2 - 0% - 40%
44 Defense
1 - 0% - 60%
2 - 0% - 40%
Last Minute Offensive  - 0:00
Last Minute Defensive  - 0:00
Total
Forward - 60:00
Defense - 60:00

Play-by-Play

1st period


0:01 of 1st period - Sean Monahan wins face-off versus Evander Kane in neutral zone.
0:04 of 1st period - Shot by David Pastrnak.
0:04 of 1st period - Shot Misses the Net.
0:28 of 1st period - Shot by Sean Monahan.
0:28 of 1st period - Stopped by Robin Lehner without a rebound.
0:29 of 1st period - Ryan Johansen wins face-off versus Brayden Schenn in Oilers zone.
0:29 of 1st period - Ryan Johansen is hit by Brayden Schenn.
0:49 of 1st period - Shot by Brayden Schenn.
0:49 of 1st period - Stopped by Robin Lehner without a rebound.
0:50 of 1st period - Jean-Gabriel Pageau wins face-off versus Kyle Brodziak in Oilers zone.
1:09 of 1st period - Shot by Andrew Cogliano.
1:09 of 1st period - Stopped by Robin Lehner without a rebound.
1:10 of 1st period - Adam Lowry wins face-off versus Frans Nielsen in Oilers zone.
1:25 of 1st period - Shot by John Carlson.
1:25 of 1st period - Shot Misses the Net.
1:27 of 1st period - Shot by John Carlson.
1:27 of 1st period - Shot Misses the Net.
2:21 of 1st period - David Pastrnak is hit by Jacob Trouba and loses puck.
2:27 of 1st period - Off-side.
2:28 of 1st period - Patric Hornqvist wins face-off versus Ryan Getzlaf in neutral zone.
2:33 of 1st period - Shot by Erik Haula.
2:33 of 1st period - Stopped by Robin Lehner without a rebound.
2:34 of 1st period - Ryan Getzlaf wins face-off versus Brayden Schenn in Oilers zone.
4:17 of 1st period - Off-side.
4:18 of 1st period - Jean-Gabriel Pageau wins face-off versus Kyle Brodziak in neutral zone.
4:23 of 1st period - Icing by Dennis Gilbert.
4:24 of 1st period - Kyle Brodziak wins face-off versus Jean-Gabriel Pageau in RedWings zone.
4:59 of 1st period - Icing by Brent Burns.
5:00 of 1st period - Patric Hornqvist wins face-off versus Jean-Gabriel Pageau in Oilers zone.
5:05 of 1st period - Shot by Brayden Schenn.
5:05 of 1st period - Deflect By Patric Hornqvist.
5:05 of 1st period - Stopped by Robin Lehner without a rebound.
5:06 of 1st period - Ryan Getzlaf wins face-off versus Sean Monahan in Oilers zone.
5:13 of 1st period - Icing by John Carlson.
5:14 of 1st period - Evander Kane wins face-off versus Sean Monahan in RedWings zone.
5:47 of 1st period - Shot by Ryan Getzlaf.
5:47 of 1st period - Shot Blocked by John Carlson.
5:53 of 1st period - Shot by Evander Kane.
5:53 of 1st period - Shot Hit the Post.
5:55 of 1st period - Shot by Ryan Getzlaf.
5:55 of 1st period - Stopped by John Gibson without a rebound.
5:56 of 1st period - Ryan Johansen wins face-off versus Brayden Schenn in RedWings zone.
7:24 of 1st period - Off-side.
7:25 of 1st period - David Pastrnak wins face-off versus Ryan Getzlaf in neutral zone.
7:30 of 1st period - Shot by David Pastrnak.
7:30 of 1st period - Shot Misses the Net.
7:41 of 1st period - Filip Forsberg is hit by Justin Braun and loses puck.
7:47 of 1st period - Minor Penalty to Evander Kane for Tripping.
7:48 of 1st period - Brayden Schenn wins face-off versus Jean-Gabriel Pageau in Oilers zone.
8:05 of 1st period - Shot by John Carlson.
8:05 of 1st period - Shot Blocked by Nick Cousins.
8:07 of 1st period - Shot by John Carlson.
8:07 of 1st period - Shot Misses the Net.
8:47 of 1st period - Shot by Jake Gardiner.
8:47 of 1st period - Shot Misses the Net.
8:49 of 1st period - Shot by Erik Haula.
8:49 of 1st period - Deflect By Patric Hornqvist.
8:49 of 1st period - Stopped by Robin Lehner without a rebound.
8:50 of 1st period - Adam Lowry wins face-off versus Erik Haula in Oilers zone.
9:06 of 1st period - Icing by Nick Jensen.
9:07 of 1st period - Erik Haula wins face-off versus Jean-Gabriel Pageau in RedWings zone.
9:54 of 1st period - Shot by Frans Nielsen.
9:54 of 1st period - Shot Blocked by Jason Zucker.
9:56 of 1st period - Shot by Brett Howden.
9:56 of 1st period - Stopped by Robin Lehner without a rebound.
9:57 of 1st period - Ryan Getzlaf wins face-off versus Frans Nielsen in Oilers zone.
10:13 of 1st period - John Carlson is hit by Jacob Trouba and loses puck.
11:19 of 1st period - Brent Burns is hit by David Pastrnak.
11:30 of 1st period - Icing by Dennis Gilbert.
11:31 of 1st period - Sean Monahan wins face-off versus Yanni Gourde in RedWings zone.
11:44 of 1st period - Shot by Yanni Gourde.
11:44 of 1st period - Shot Blocked by Nick Jensen.
12:10 of 1st period - Dennis Gilbert is hit by Barclay Goodrow and loses puck.
13:16 of 1st period - Shot by Brayden Schenn.
13:16 of 1st period - Stopped by Robin Lehner with a rebound.
14:20 of 1st period - Shot by Ryan Getzlaf.
14:20 of 1st period - Stopped by John Gibson without a rebound.
14:20 of 1st period - Minor Penalty to Gustav Lindstrom for Slashing.
14:21 of 1st period - Ryan Johansen wins face-off versus Kyle Brodziak in RedWings zone.
14:26 of 1st period - Shot by Brent Burns.
14:26 of 1st period - Stopped by John Gibson with a rebound.
14:28 of 1st period - Shot by Yanni Gourde.
14:28 of 1st period - Deflect By Joe Pavelski.
14:28 of 1st period - Stopped by John Gibson without a rebound.
14:29 of 1st period - Ryan Getzlaf wins face-off versus Kyle Brodziak in RedWings zone.
14:30 of 1st period - Shot by Brent Burns.
14:30 of 1st period - Shot Misses the Net.
14:46 of 1st period - Shot by Jacob Trouba.
14:46 of 1st period - Stopped by John Gibson without a rebound.
14:47 of 1st period - Kyle Brodziak wins face-off versus Ryan Johansen in RedWings zone.
14:57 of 1st period - Icing by Joe Pavelski.
14:58 of 1st period - Ryan Johansen wins face-off versus Kyle Brodziak in Oilers zone.
16:35 of 1st period - Shot by Pavel Buchnevich.
16:35 of 1st period - Stopped by John Gibson without a rebound.
16:36 of 1st period - Jean-Gabriel Pageau wins face-off versus Erik Haula in RedWings zone.
16:51 of 1st period - Shot by Brayden Schenn.
16:51 of 1st period - Shot Misses the Net.
16:53 of 1st period - Shot by Erik Haula.
16:53 of 1st period - Shot Blocked by Vladislav Gavrikov.
17:01 of 1st period - Shot by Nick Jensen.
17:01 of 1st period - Stopped by Robin Lehner with a rebound.
17:03 of 1st period - Shot by Erik Haula.
17:03 of 1st period - Stopped by Robin Lehner without a rebound.
17:04 of 1st period - Sean Monahan wins face-off versus Ryan Getzlaf in Oilers zone.
17:11 of 1st period - Shot by David Pastrnak.
17:11 of 1st period - Deflect By Filip Forsberg.
17:11 of 1st period - Shot Blocked by Jacob Trouba.
17:27 of 1st period - Shot by David Pastrnak.
17:27 of 1st period - Deflect By Sean Monahan.
17:27 of 1st period - Shot Misses the Net.
17:33 of 1st period - Shot by Ryan Getzlaf.
17:33 of 1st period - Shot Misses the Net.
17:43 of 1st period - Shot by Ryan Getzlaf.
17:43 of 1st period - Stopped by John Gibson without a rebound.
17:44 of 1st period - Brayden Schenn wins face-off versus Ryan Johansen in RedWings zone.
18:06 of 1st period - Jason Zucker is hit by Brayden Schenn and loses puck.
18:40 of 1st period - Shot by Ryan Hartman.
18:40 of 1st period - Shot Blocked by Brent Burns.
18:42 of 1st period - Shot by Kyle Brodziak.
18:42 of 1st period - Stopped by Robin Lehner without a rebound.
18:43 of 1st period - Sean Monahan wins face-off versus Ryan Getzlaf in Oilers zone.
18:43 of 1st period - Erik Karlsson is hit by Jacob Trouba and loses puck.
18:49 of 1st period - Evander Kane is hit by Gustav Lindstrom and loses puck.
18:54 of 1st period - Shot by Jacob Trouba.
18:54 of 1st period - Stopped by John Gibson without a rebound.
18:55 of 1st period - Jean-Gabriel Pageau wins face-off versus Kyle Brodziak in RedWings zone.
18:55 of 1st period - Minor Penalty to Dennis Gilbert for Interference.
18:56 of 1st period - Kyle Brodziak wins face-off versus Ryan Getzlaf in RedWings zone.
19:04 of 1st period - Icing by Ryan Getzlaf.
19:05 of 1st period - Kyle Brodziak wins face-off versus Ryan Getzlaf in Oilers zone.
19:17 of 1st period - Off-side.
19:18 of 1st period - Ryan Johansen wins face-off versus Kyle Brodziak in neutral zone.
Goals for this period are 0 for Oilers vs 0 for RedWings.
Shots for this period are 8 for Oilers vs 11 for RedWings.

2nd period


0:01 of 2nd period - Ryan Getzlaf wins face-off versus Kyle Brodziak in neutral zone.
0:44 of 2nd period - Shot by Andrew Cogliano.
0:44 of 2nd period - Deflect By Frans Nielsen.
0:44 of 2nd period - Stopped by Robin Lehner with a rebound.
0:46 of 2nd period - Shot by Jake Gardiner.
0:46 of 2nd period - Deflect By Andrew Cogliano.
0:46 of 2nd period - Stopped by Robin Lehner without a rebound.
0:47 of 2nd period - Kyle Brodziak wins face-off versus Ryan Johansen in Oilers zone.
0:58 of 2nd period - Shot by Pavel Buchnevich.
0:58 of 2nd period - Stopped by John Gibson without a rebound.
0:59 of 2nd period - Sean Monahan wins face-off versus Jean-Gabriel Pageau in RedWings zone.
1:08 of 2nd period - Nick Jensen is hit by Barclay Goodrow and loses puck.
2:09 of 2nd period - Gustav Nyquist is hit by John Carlson and loses puck.
2:13 of 2nd period - Icing by Jake Gardiner.
2:14 of 2nd period - Ryan Johansen wins face-off versus Kyle Brodziak in RedWings zone.
2:21 of 2nd period - Shot by Jason Zucker.
2:21 of 2nd period - Stopped by John Gibson without a rebound.
2:22 of 2nd period - Brayden Schenn wins face-off versus Ryan Johansen in RedWings zone.
2:50 of 2nd period - Ryan Johansen is hit by Gustav Lindstrom and loses puck.
2:54 of 2nd period - Icing by Erik Karlsson.
2:55 of 2nd period - Brayden Schenn wins face-off versus Ryan Getzlaf in RedWings zone.
3:58 of 2nd period - Jacob Trouba is hit by Andrew Cogliano.
4:11 of 2nd period - John Carlson is hit by Joe Pavelski and loses puck.
4:32 of 2nd period - Shot by Ryan Johansen.
4:32 of 2nd period - Stopped by John Gibson with a rebound.
4:39 of 2nd period - Minor Penalty to Justin Braun for Holding.
4:40 of 2nd period - Jean-Gabriel Pageau wins face-off versus Brayden Schenn in Oilers zone.
5:01 of 2nd period - Shot by John Carlson.
5:01 of 2nd period - Shot Misses the Net.
5:03 of 2nd period - Shot by John Carlson.
5:03 of 2nd period - Stopped by Robin Lehner without a rebound.
5:04 of 2nd period - Erik Haula wins face-off versus Jean-Gabriel Pageau in Oilers zone.
5:09 of 2nd period - Shot by Patric Hornqvist.
5:09 of 2nd period - Shot Misses the Net.
6:21 of 2nd period - Icing by Brayden Schenn.
6:22 of 2nd period - Brayden Schenn wins face-off versus Jean-Gabriel Pageau in RedWings zone.
6:29 of 2nd period - Shot by John Carlson.
6:29 of 2nd period - Stopped by Robin Lehner with a rebound.
6:31 of 2nd period - Shot by David Pastrnak.
6:31 of 2nd period - Stopped by Robin Lehner without a rebound.
6:32 of 2nd period - Adam Lowry wins face-off versus David Pastrnak in Oilers zone.
6:32 of 2nd period - Adam Lowry is hit by Brayden Schenn.
6:47 of 2nd period - Minor Penalty to Brent Burns for Hooking.
6:48 of 2nd period - Jean-Gabriel Pageau wins face-off versus Brayden Schenn in Oilers zone.
7:03 of 2nd period - Shot by Jean-Gabriel Pageau.
7:03 of 2nd period - Deflect By Nick Cousins.
7:03 of 2nd period - Stopped by John Gibson without a rebound.
7:04 of 2nd period - Erik Haula wins face-off versus Adam Lowry in RedWings zone.
7:09 of 2nd period - Shot by Jake Gardiner.
7:09 of 2nd period - Stopped by Robin Lehner without a rebound.
7:10 of 2nd period - Brayden Schenn wins face-off versus Jean-Gabriel Pageau in Oilers zone.
7:33 of 2nd period - Off-side.
7:34 of 2nd period - Erik Haula wins face-off versus Nick Cousins in neutral zone.
8:02 of 2nd period - Icing by John Carlson.
8:03 of 2nd period - Erik Haula wins face-off versus Adam Lowry in RedWings zone.
8:03 of 2nd period - Erik Haula is hit by Barclay Goodrow.
9:14 of 2nd period - Shot by Frans Nielsen.
9:14 of 2nd period - Stopped by Robin Lehner without a rebound.
9:15 of 2nd period - Joe Pavelski wins face-off versus Sean Monahan in Oilers zone.
9:37 of 2nd period - Shot by Jason Zucker.
9:37 of 2nd period - Shot Misses the Net.
10:20 of 2nd period - Shot by Brayden Schenn.
10:20 of 2nd period - Stopped by Robin Lehner with a rebound.
10:25 of 2nd period - Icing by Dylan DeMelo.
10:26 of 2nd period - Ryan Getzlaf wins face-off versus Kyle Brodziak in Oilers zone.
10:37 of 2nd period - Shot by Evander Kane.
10:37 of 2nd period - Stopped by John Gibson without a rebound.
10:38 of 2nd period - Jean-Gabriel Pageau wins face-off versus Frans Nielsen in RedWings zone.
11:16 of 2nd period - Shot by Barclay Goodrow.
11:16 of 2nd period - Stopped by John Gibson without a rebound.
11:17 of 2nd period - Sean Monahan wins face-off versus Ryan Getzlaf in RedWings zone.
11:29 of 2nd period - Shot by Evander Kane.
11:29 of 2nd period - Shot Misses the Net.
11:31 of 2nd period - Shot by Ryan Getzlaf.
11:31 of 2nd period - Shot Blocked by Gustav Lindstrom.
11:33 of 2nd period - Shot by Evander Kane.
11:33 of 2nd period - Shot Misses the Net.
11:35 of 2nd period - Shot by Gustav Nyquist.
11:35 of 2nd period - Stopped by John Gibson without a rebound.
11:36 of 2nd period - Brayden Schenn wins face-off versus Ryan Johansen in RedWings zone.
12:11 of 2nd period - Shot by Ryan Johansen.
12:11 of 2nd period - Deflect By Jason Zucker.
12:11 of 2nd period - Goal by Jason Zucker - Oilers : 1 - RedWings : 0.
12:12 of 2nd period - Ryan Getzlaf wins face-off versus Sean Monahan in neutral zone.
12:15 of 2nd period - Shot by Brent Burns.
12:15 of 2nd period - Shot Misses the Net.
12:17 of 2nd period - Shot by Brent Burns.
12:17 of 2nd period - Stopped by John Gibson without a rebound.
12:18 of 2nd period - Sean Monahan wins face-off versus Ryan Getzlaf in RedWings zone.
12:27 of 2nd period - Shot by David Pastrnak.
12:27 of 2nd period - Stopped by Robin Lehner with a rebound.
12:37 of 2nd period - Shot by David Pastrnak.
12:37 of 2nd period - Stopped by Robin Lehner without a rebound.
12:38 of 2nd period - Kyle Brodziak wins face-off versus Jean-Gabriel Pageau in Oilers zone.
12:38 of 2nd period - Erik Karlsson is hit by Jacob Trouba and loses puck.
12:52 of 2nd period - Andrew Cogliano is hit by Jacob Trouba and loses puck.
12:59 of 2nd period - Shot by Kyle Brodziak.
12:59 of 2nd period - Shot Misses the Net.
13:01 of 2nd period - Shot by Andrew Cogliano.
13:01 of 2nd period - Shot Misses the Net.
13:29 of 2nd period - Shot by Gustav Nyquist.
13:29 of 2nd period - Shot Blocked by Erik Karlsson.
13:55 of 2nd period - Shot by Evander Kane.
13:55 of 2nd period - Stopped by John Gibson without a rebound.
13:56 of 2nd period - Ryan Johansen wins face-off versus Brayden Schenn in RedWings zone.
14:15 of 2nd period - Icing by Vladislav Gavrikov.
14:16 of 2nd period - Ryan Johansen wins face-off versus Sean Monahan in Oilers zone.
14:32 of 2nd period - Shot by David Pastrnak.
14:32 of 2nd period - Stopped by Robin Lehner with a rebound.
14:40 of 2nd period - Shot by Sean Monahan.
14:40 of 2nd period - Stopped by Robin Lehner without a rebound.
14:41 of 2nd period - Brayden Schenn wins face-off versus Ryan Getzlaf in Oilers zone.
14:42 of 2nd period - Shot by Patric Hornqvist.
14:42 of 2nd period - Stopped by Robin Lehner without a rebound.
14:43 of 2nd period - Brayden Schenn wins face-off versus Ryan Getzlaf in Oilers zone.
14:52 of 2nd period - Shot by Brayden Schenn.
14:52 of 2nd period - Stopped by Robin Lehner without a rebound.
14:53 of 2nd period - Sean Monahan wins face-off versus Jean-Gabriel Pageau in Oilers zone.
15:02 of 2nd period - Jake Gardiner is hit by Barclay Goodrow and loses puck.
15:24 of 2nd period - Minor Penalty to Filip Forsberg for Holding.
15:25 of 2nd period - Ryan Getzlaf wins face-off versus Kyle Brodziak in RedWings zone.
15:44 of 2nd period - Shot by Evander Kane.
15:44 of 2nd period - Deflect By Ryan Getzlaf.
15:44 of 2nd period - Shot Misses the Net.
15:46 of 2nd period - Shot by Evander Kane.
15:46 of 2nd period - Shot Blocked by Erik Karlsson.
16:06 of 2nd period - Shot by Jason Zucker.
16:06 of 2nd period - Stopped by John Gibson without a rebound.
16:07 of 2nd period - Frans Nielsen wins face-off versus Joe Pavelski in RedWings zone.
16:32 of 2nd period - Shot by Ryan Johansen.
16:32 of 2nd period - Shot Misses the Net.
16:46 of 2nd period - Shot by Joe Pavelski.
16:46 of 2nd period - Shot Misses the Net.
17:45 of 2nd period - Shot by David Pastrnak.
17:45 of 2nd period - Shot Misses the Net.
17:47 of 2nd period - Shot by Filip Forsberg.
17:47 of 2nd period - Deflect By David Pastrnak.
17:47 of 2nd period - Stopped by Robin Lehner with a rebound.
17:49 of 2nd period - Shot by Filip Forsberg.
17:49 of 2nd period - Stopped by Robin Lehner without a rebound.
17:50 of 2nd period - Ryan Getzlaf wins face-off versus Brayden Schenn in Oilers zone.
17:58 of 2nd period - Shot by Brayden Schenn.
17:58 of 2nd period - Stopped by Robin Lehner without a rebound.
17:59 of 2nd period - Ryan Getzlaf wins face-off versus Brayden Schenn in Oilers zone.
18:04 of 2nd period - Off-side.
18:05 of 2nd period - Sean Monahan wins face-off versus Ryan Getzlaf in neutral zone.
18:28 of 2nd period - Shot by Ryan Getzlaf.
18:28 of 2nd period - Shot Misses the Net.
19:13 of 2nd period - Shot by Pavel Buchnevich.
19:13 of 2nd period - Shot Misses the Net.
19:15 of 2nd period - Shot by Adam Lowry.
19:15 of 2nd period - Deflect By Pavel Buchnevich.
19:15 of 2nd period - Shot Blocked by Erik Haula.
19:29 of 2nd period - Shot by Adam Lowry.
19:29 of 2nd period - Shot Blocked by Erik Karlsson.
19:40 of 2nd period - Off-side.
19:41 of 2nd period - Ryan Johansen wins face-off versus Kyle Brodziak in neutral zone.
19:41 of 2nd period - Minor Penalty to Kyle Brodziak for Slashing.
19:42 of 2nd period - Brayden Schenn wins face-off versus Joe Pavelski in RedWings zone.
19:55 of 2nd period - Shot by Brayden Schenn.
19:55 of 2nd period - Shot Blocked by Brent Burns.
Goals for this period are 1 for Oilers vs 0 for RedWings.
Shots for this period are 11 for Oilers vs 17 for RedWings.

3rd period


0:01 of 3rd period - Brayden Schenn wins face-off versus Jason Zucker in neutral zone.
0:22 of 3rd period - Shot by Brent Burns.
0:22 of 3rd period - Stopped by John Gibson without a rebound.
0:23 of 3rd period - Ryan Johansen wins face-off versus Brayden Schenn in RedWings zone.
0:34 of 3rd period - Shot by Yanni Gourde.
0:34 of 3rd period - Stopped by John Gibson without a rebound.
0:35 of 3rd period - Ryan Getzlaf wins face-off versus Brayden Schenn in RedWings zone.
0:48 of 3rd period - Shot by Evander Kane.
0:48 of 3rd period - Shot Hit the Post.
0:50 of 3rd period - Shot by Brent Burns.
0:50 of 3rd period - Stopped by John Gibson without a rebound.
0:51 of 3rd period - Ryan Johansen wins face-off versus Brayden Schenn in RedWings zone.
1:52 of 3rd period - Icing by Gustav Lindstrom.
1:53 of 3rd period - Sean Monahan wins face-off versus Nick Cousins in RedWings zone.
2:19 of 3rd period - Filip Forsberg is hit by Dylan DeMelo and loses puck.
3:25 of 3rd period - Patric Hornqvist is hit by Brent Burns and loses puck.
3:28 of 3rd period - Shot by Nick Jensen.
3:28 of 3rd period - Shot Misses the Net.
3:42 of 3rd period - Shot by Erik Haula.
3:42 of 3rd period - Deflect By Patric Hornqvist.
3:42 of 3rd period - Stopped by Robin Lehner with a rebound.
4:31 of 3rd period - Shot by Jason Zucker.
4:31 of 3rd period - Stopped by John Gibson without a rebound.
4:32 of 3rd period - Jean-Gabriel Pageau wins face-off versus Sean Monahan in RedWings zone.
4:45 of 3rd period - Shot by Jean-Gabriel Pageau.
4:45 of 3rd period - Shot Blocked by John Carlson.
4:47 of 3rd period - Shot by Yanni Gourde.
4:47 of 3rd period - Deflect By Jean-Gabriel Pageau.
4:47 of 3rd period - Shot Misses the Net.
4:49 of 3rd period - Shot by Barclay Goodrow.
4:49 of 3rd period - Stopped by John Gibson with a rebound.
4:58 of 3rd period - David Pastrnak is hit by Jacob Trouba and loses puck.
5:12 of 3rd period - Off-side.
5:13 of 3rd period - Ryan Johansen wins face-off versus Kyle Brodziak in neutral zone.
5:20 of 3rd period - Shot by Ryan Johansen.
5:20 of 3rd period - Stopped by John Gibson with a rebound.
5:30 of 3rd period - Shot by Joe Pavelski.
5:30 of 3rd period - Stopped by John Gibson with a rebound.
5:32 of 3rd period - Shot by Ryan Johansen.
5:32 of 3rd period - Goal by Ryan Johansen - Oilers : 2 - RedWings : 0.
5:33 of 3rd period - Brayden Schenn wins face-off versus Adam Lowry in neutral zone.
5:40 of 3rd period - Icing by Travis Hamonic.
5:41 of 3rd period - Brayden Schenn wins face-off versus Adam Lowry in Oilers zone.
7:11 of 3rd period - Icing by Vladislav Gavrikov.
7:12 of 3rd period - Ryan Johansen wins face-off versus Kyle Brodziak in Oilers zone.
7:30 of 3rd period - Shot by Andrew Cogliano.
7:30 of 3rd period - Stopped by Robin Lehner without a rebound.
7:31 of 3rd period - Ryan Getzlaf wins face-off versus Frans Nielsen in Oilers zone.
8:52 of 3rd period - Shot by Filip Forsberg.
8:52 of 3rd period - Stopped by Robin Lehner without a rebound.
8:53 of 3rd period - Jean-Gabriel Pageau wins face-off versus Erik Haula in Oilers zone.
8:53 of 3rd period - Jean-Gabriel Pageau is hit by Patric Hornqvist.
9:12 of 3rd period - Minor Penalty to Jacob Trouba for Boarding.
9:13 of 3rd period - Jean-Gabriel Pageau wins face-off versus Brayden Schenn in Oilers zone.
9:13 of 3rd period - Jean-Gabriel Pageau is hit by Brayden Schenn.
9:33 of 3rd period - Shot by Erik Karlsson.
9:33 of 3rd period - Goal by Erik Karlsson - Oilers : 2 - RedWings : 1.
9:34 of 3rd period - Kyle Brodziak wins face-off versus Ryan Johansen in neutral zone.
9:36 of 3rd period - Nick Jensen is hit by Jason Zucker and loses puck.
11:04 of 3rd period - Shot by Filip Forsberg.
11:04 of 3rd period - Shot Misses the Net.
11:13 of 3rd period - Icing by Jake Gardiner.
11:14 of 3rd period - Ryan Getzlaf wins face-off versus David Pastrnak in RedWings zone.
11:41 of 3rd period - Shot by Brayden Schenn.
11:41 of 3rd period - Stopped by Robin Lehner without a rebound.
11:42 of 3rd period - Frans Nielsen wins face-off versus Jason Zucker in Oilers zone.
12:16 of 3rd period - Erik Karlsson is hit by Dylan DeMelo and loses puck.
12:59 of 3rd period - Shot by Evander Kane.
12:59 of 3rd period - Shot Blocked by Nick Jensen.
13:01 of 3rd period - Shot by Evander Kane.
13:01 of 3rd period - Shot Misses the Net.
13:14 of 3rd period - Icing by Nick Jensen.
13:15 of 3rd period - Jean-Gabriel Pageau wins face-off versus Brayden Schenn in RedWings zone.
13:18 of 3rd period - Shot by Jean-Gabriel Pageau.
13:18 of 3rd period - Stopped by John Gibson without a rebound.
13:19 of 3rd period - Sean Monahan wins face-off versus Jean-Gabriel Pageau in RedWings zone.
13:34 of 3rd period - Sean Monahan is hit by Barclay Goodrow and loses puck.
13:46 of 3rd period - Minor Penalty to Justin Braun for Slashing.
13:47 of 3rd period - Jean-Gabriel Pageau wins face-off versus Erik Haula in Oilers zone.
14:12 of 3rd period - Shot by John Carlson.
14:12 of 3rd period - Shot Misses the Net.
14:17 of 3rd period - Erik Haula is hit by Jacob Trouba and loses puck.
14:34 of 3rd period - Shot by Filip Forsberg.
14:34 of 3rd period - Shot Blocked by Dylan DeMelo.
14:48 of 3rd period - Shot by Filip Forsberg.
14:48 of 3rd period - Shot Misses the Net.
14:50 of 3rd period - Shot by Jake Gardiner.
14:50 of 3rd period - Shot Hit the Post.
14:52 of 3rd period - Shot by Jake Gardiner.
14:52 of 3rd period - Shot Blocked by Adam Lowry.
14:54 of 3rd period - Shot by Jake Gardiner.
14:54 of 3rd period - Stopped by Robin Lehner without a rebound.
14:55 of 3rd period - Jean-Gabriel Pageau wins face-off versus Brayden Schenn in Oilers zone.
15:24 of 3rd period - Shot by John Carlson.
15:24 of 3rd period - Shot Misses the Net.
15:49 of 3rd period - Kyle Brodziak is hit by Dylan DeMelo and loses puck.
16:00 of 3rd period - Shot by Ryan Getzlaf.
16:00 of 3rd period - Deflect By Evander Kane.
16:00 of 3rd period - Shot Blocked by Ryan Hartman.
16:02 of 3rd period - Shot by Vladislav Gavrikov.
16:02 of 3rd period - Goal by Vladislav Gavrikov - Oilers : 3 - RedWings : 1.
16:03 of 3rd period - Ryan Johansen wins face-off versus Frans Nielsen in neutral zone.
16:21 of 3rd period - Shot by Joe Pavelski.
16:21 of 3rd period - Stopped by John Gibson without a rebound.
16:22 of 3rd period - Ryan Hartman wins face-off versus Ryan Getzlaf in RedWings zone.
16:22 of 3rd period - Ryan Hartman is hit by Evander Kane.
16:25 of 3rd period - Erik Karlsson is hit by Evander Kane and loses puck.
16:47 of 3rd period - Ryan Hartman is hit by Brent Burns and loses puck.
16:53 of 3rd period - Ryan Hartman is hit by Justin Braun.
16:56 of 3rd period - Icing by Justin Braun.
16:57 of 3rd period - Ryan Getzlaf wins face-off versus Frans Nielsen in Oilers zone.
17:03 of 3rd period - Minor Penalty to Dennis Gilbert for Delaying the game.
17:04 of 3rd period - Kyle Brodziak wins face-off versus Ryan Johansen in RedWings zone.
17:04 of 3rd period - Kyle Brodziak is hit by Joe Pavelski.
18:00 of 3rd period - Icing by Ryan Getzlaf.
18:01 of 3rd period - Frans Nielsen wins face-off versus Jason Zucker in Oilers zone.
18:10 of 3rd period - Shot by Jacob Trouba.
18:10 of 3rd period - Shot Misses the Net.
18:12 of 3rd period - Shot by Jacob Trouba.
18:12 of 3rd period - Shot Misses the Net.
19:11 of 3rd period - Adam Lowry is hit by Dennis Gilbert and loses puck.
19:18 of 3rd period - Shot by Filip Forsberg.
19:18 of 3rd period - Shot Misses the Net.
19:20 of 3rd period - Shot by Sean Monahan.
19:20 of 3rd period - Stopped by Robin Lehner without a rebound.
19:21 of 3rd period - Jean-Gabriel Pageau wins face-off versus Brayden Schenn in Oilers zone.
19:40 of 3rd period - Shot by Barclay Goodrow.
19:40 of 3rd period - Shot Misses the Net.
19:49 of 3rd period - Off-side.
19:50 of 3rd period - Sean Monahan wins face-off versus Ryan Getzlaf in neutral zone.
Goals for this period are 2 for Oilers vs 1 for RedWings.
Shots for this period are 11 for Oilers vs 7 for RedWings.